 Dungeon Crawl Stone Soup version 0.28-a0-465-ge2dae52223 (webtiles) character file.

Game seed: 3322302870561449245

1968 bande the Cleaver (level 9, -3/69 (75) HPs)
             Began as a Hill Orc Fighter on Sept 15, 2021.
             Was a Follower of Okawaru.
             Slain by a two-headed ogre (16 damage)
             ... on level 6 of the Dungeon.
             The game lasted 00:09:51 (5453 turns).

bande the Cleaver (Hill Orc Fighter)                Turns: 5453, Time: 00:09:51

HP:   -3/69 (75)    AC: 13    Str: 20    XL:     9   Next: 20%
MP:   9/9           EV:  9    Int:  8    God:    Okawaru [*.....]
Gold: 1211          SH:  4    Dex: 10    Spells: 6/8 levels left

rFire   . . .      SeeInvis .   m - +2 war axe (vamp)
rCold   . . .      Faith    +   c - +0 buckler
rNeg    . . .      Spirit   .   t - +4 scale mail "Yprokab" {rPois Regen+ rCorr Dex-2}
rPois   +          Reflect  .   n - +0 helmet
rElec   .          Harm     .   (no cloak)
rCorr   +          Rampage  .   (no gloves)
Will    .....                   (no boots)
Stlth   ..........              h - amulet of faith
HPRegen 1.21/turn               (no ring)
MPRegen 0.11/turn               (no ring)

@: drained
A: no striking features
a: Renounce Religion, Heroism


You were on level 6 of the Dungeon.
You worshipped Okawaru.
Okawaru was aware of your devotion.
You visited 2 branches of the dungeon, and saw 7 of its levels.

You collected 1211 gold pieces.

Inventory:

Hand Weapons
 a - a +0 war axe
 l - a +0 flail
 m - a +2 vampiric war axe (weapon)
Armour
 c - a +0 buckler (worn)
 n - a +0 helmet (worn)
 t - the +4 scale mail "Yprokab" (worn) {rPois Regen+ rCorr Dex-2}
   (You found it on level 5 of the Dungeon)

   Dex:       It affects your dexterity (-2).
   rPois:     It protects you from poison.
   Regen:     It increases your rate of health regeneration.
   rCorr:     It protects you from acid and corrosion.
Jewellery
 h - an amulet of faith (around neck)
Wands
 q - a wand of flame (16)
Scrolls
 f - 2 scrolls of enchant armour
 g - 2 scrolls of enchant weapon
 i - a scroll of fear
 s - 2 scrolls of teleportation
Potions
 d - 3 potions of might
 e - 2 potions of haste {unknown}
 j - a potion of flight
 k - 3 potions of attraction {unknown}
 o - 2 potions of curing {unknown}
 p - a potion of lignification {unknown}
 r - 2 potions of resistance {unknown}


   Skills:
 + Level 6.3 Fighting
 + Level 9.8 Axes
 + Level 7.3 Armour
 - Level 0.1 Stealth
 + Level 4.5 Shields
 * Level 3.7 Translocations


You had 6 spell levels left.
You knew the following spells:

 Your Spells              Type           Power      Damage    Failure   Level
a - Blink                 Tloc           N/A        N/A       34%         2

Your spell library contained the following spells:

 Spells                   Type           Power      Damage    Failure   Level
 Lesser Beckoning         Tloc           6%         N/A       56%         3
 Magic Dart               Conj           0%         1d3       73%         1
 Searing Ray              Conj           0%         2d4       86%         2
 Static Discharge         Conj/Air       0%         N/A       86%         2
 Fulminant Prism          Conj/Hex       0%         3d6       100%        4
 Lightning Bolt           Conj/Air       0%         1d11      100%        5
 Manifold Assault         Tloc           6%         N/A       100%        5
 Maxwell's Capacitive Co  Air            0%         ∞         100%        8


Dungeon Overview and Level Annotations

Branches:
Dungeon (6/15)             Temple (1/1) D:5

Altars:
Ashenzari
Cheibriados
Dithmenos
Elyvilon
Fedhas
Gozag
Hepliaklqana
Kikubaaqudgha
Makhleb
Nemelex Xobeh
Okawaru
Qazlal
Ru
Trog
Uskayaw
Vehumet
Wu Jian
Xom
Zin
The Shining One

Annotations:
D:5 2 transporters, sleeves's ghost, amateur HOCA


Message History

You see here a sky beast corpse.
You start waiting.
Done waiting.
Things that are here:
a +0 long sword; a +0 robe
Items here: )) [[.
Items here: )) [[.
Okay, then.
Things that are here:
a +3 trident; a +0 robe
Found an escape hatch in the ceiling.
No target in view!
A two-headed ogre comes into view.
It is wielding a +0 giant club and a +0 giant spiked club.
The two-headed ogre shouts in stereo!
A two-headed ogre is nearby!
The two-headed ogre closely misses you. The two-headed ogre barely misses you.
You completely miss the two-headed ogre.
The two-headed ogre hits you with a +0 giant club!
The two-headed ogre hits you with a +0 giant spiked club!!
You slash the two-headed ogre!
You feel better.
The two-headed ogre is lightly wounded.
The two-headed ogre hits you with a +0 giant club!
The two-headed ogre hits you with a +0 giant spiked club!
* * * LOW HITPOINT WARNING * * *
You are too injured to fight recklessly!
You are too injured to fight recklessly!
You are too injured to fight recklessly!
You are too injured to fight recklessly!
You are too injured to fight recklessly!
You barely miss the two-headed ogre.
The two-headed ogre is lightly wounded.
You hit the two-headed ogre.
The two-headed ogre is moderately wounded.
The two-headed ogre hits you with a +0 giant club!
* * * LOW HITPOINT WARNING * * *
The two-headed ogre closely misses you.
You slash the two-headed ogre!
You feel better.
The two-headed ogre is moderately wounded.
The two-headed ogre hits you with a +0 giant club!
You die...

#.........#
#....).......
#.........#
#.........≈..
#.........#
#............
#.........###
#.........#
#######.........#
................#
.........#####....
.......@.# ....
.......O.# ..
.........#
.<.......#
.........#
.........#
##########


You could see a two-headed ogre.

Vanquished Creatures
  Grinder (D:5)
  Sigmund (D:5)
  4 yaks
  A sky beast (D:6)
  An ice beast (D:5)
  A phantom (D:5)
  A bullfrog (D:6)
  4 wights (D:6)
  3 hounds
  3 orc priests
  A bullfrog skeleton (D:3)
  A centaur skeleton (D:4)
  An iguana (D:5)
  2 orc wizards (D:4)
  A hound skeleton (D:5)
  Robin (D:3)
  3 gnolls (D:2)
  10 adders
  A shadow imp (D:6)
  An adder skeleton (D:5)
  2 dart slugs
  13 orcs
  4 ball pythons
  4 endoplasms
  6 giant cockroaches
  16 goblins
  7 hobgoblins
  6 jackals
  5 kobolds
  2 quokkas (D:1)
  3 bats
  2 frilled lizards
  4 rats
116 creatures vanquished.

Notes
Turn   | Place    | Note
-------+----------+-------------------------------------------
     0 | D:1      | bande the Hill Orc Fighter began the quest for the Orb.
     0 | D:1      | Reached XP level 1. HP: 19/19 MP: 1/1
   140 | D:1      | Reached XP level 2. HP: 27/27 MP: 2/2
   336 | D:1      | Found a faded altar of an unknown god.
   480 | D:1      | Reached skill level 3 in Axes
   646 | D:1      | Reached XP level 3. HP: 29/33 MP: 3/3
  1182 | D:2      | Reached XP level 4. HP: 39/40 MP: 4/4
  1195 | D:2      | Learned a level 2 spell: Blink
  1623 | D:2      | Reached skill level 4 in Axes
  1869 | D:3      | Reached XP level 5. HP: 37/46 MP: 5/5
  2080 | D:3      | Noticed Robin
  2116 | D:3      | Killed Robin
  2128 | D:3      | Reached skill level 5 in Axes
  2265 | D:3      | Reached skill level 1 in Translocations
  2568 | D:3      | Reached XP level 6. HP: 53/53 MP: 6/6
  2741 | D:4      | Reached skill level 5 in Armour
  3013 | D:4      | Identified a scroll of acquirement
  3013 | D:4      | Acquired 934 gold pieces
  3326 | D:5      | Entered Level 5 of the Dungeon
  3327 | D:5      | Noticed Sigmund
  3350 | D:5      | Killed Sigmund
  3351 | D:5      | Reached skill level 6 in Axes
  3351 | D:5      | Reached XP level 7. HP: 23/60 MP: 7/7
  3351 | D:5      | Noticed Grinder
  3612 | D:5      | Killed Grinder
  3613 | D:5      | Reached skill level 7 in Axes
  3748 | D:5      | Noticed a yak
  3750 | D:5      | Noticed a yak
  3750 | D:5      | Noticed a yak
  3751 | D:5      | Noticed a yak
  3775 | D:4      | HP: 1/60 [yak (3)]
  3776 | D:4      | Killed a yak
  3777 | D:4      | Reached skill level 5 in Fighting
  3777 | D:4      | Reached XP level 8. HP: 2/68 MP: 8/8
  4306 | D:4      | Killed a yak
  4307 | D:4      | Killed a yak
  4308 | D:4      | Reached skill level 8 in Axes
  4461 | D:5      | Killed a yak
  4671 | D:5      | Found a transporter.
  4671 | D:5      | Noticed sleeves's ghost (amateur HOCA)
  4699 | D:5      | Identified the +4 scale mail "Yprokab" {rPois Regen+ rCorr
                  | Dex-2}
  4764 | D:5      | Found a staircase to the Ecumenical Temple.
  4776 | Temple   | Entered the Ecumenical Temple
  4837 | Temple   | Became a worshipper of Warmaster Okawaru
  4868 | D:5      | Reached skill level 9 in Axes
  4959 | D:5      | Found a transporter.
  5214 | D:6      | Reached XP level 9. HP: 75/75 MP: 9/9
  5322 | D:6      | Reached * piety under Okawaru
  5445 | D:6      | Noticed a two-headed ogre
  5453 | D:6      | Slain by a two-headed ogre

Illustrated notes

Levels and vault maps discovered:
D:1:      lightli_arrival_windingriver, layout_rooms,
          hellmonk_ecumenical_altar_run_dry, chequers_avenue,
          kennysheep_pointless_box
D:2:      layout_basic
D:3:      layout_rooms, patterned_corridor, uniq_robin
D:4:      layout_rooms
D:5:      layout_rooms, minmay_temple_entry_proselytizer, gammafunk_ghost_arena,
          uniq_sigmund, uniq_grinder
D:6:      layout_basic, chequers_serial_rivers_micro_c, uniq_edmund
Temple:   compressed_dpeg_triangle_lava_temple

Skill      XL: |  1  2  3  4  5  6  7  8 |
---------------+-------------------------+-----
Fighting       | 4 5 6 |  6.3
Axes           | 3 4 5 6 7 9 |  9.8
Armour         | 4 5 6 7 |  7.3
Translocations | 1 2 3 |  3.7
Shields        | 4 |  4.5
Stealth        | |  0.1

Action                   |  1- 3 |  4- 6 |  7- 9 || total
-------------------------+-------+-------+-------++-------
Melee: War axe           |    57 |   123 |   150 ||   330
       Hand axe          |    10 |    48 |       ||    58
  Use: Scroll            |     2 |     4 |       ||     6
Armor: Scale mail        |    29 |    83 |    50 ||   162
Dodge: Dodged            |    38 |    79 |    55 ||   172
Block: Buckler           |    17 |    25 |    24 ||    66

Table legend: (Time is in decaauts)
 A = Elapsed time spent in this place.
 B = Non-inter-level travel time spent in this place.
 C = Inter-level travel time spent in this place.
 D = Time resting spent in this place.
 E = Time spent auto-exploring this place.
 F = Levels seen in this place.
 G = Mean time per level.
                   A        B        C        D        E       F      G
               +--------+--------+--------+--------+--------+-----+--------+
         Total |   5530 |   5426 |    104 |   1300 |   2982 |   7 |  790.0 |
       Dungeon |   5451 |   5347 |    104 |   1300 |   2982 |   6 |  908.5 |
        Temple |     78 |     78 |      0 |      0 |      0 |   1 |   78.0 |
               +--------+--------+--------+--------+--------+-----+--------+

Top non-repeatable levels by time:
     D:4: 1562 daAuts
     D:2: 1070 daAuts
     D:3: 920 daAuts
     D:5: 833 daAuts
     D:1: 755 daAuts
     D:6: 309 daAuts
  Temple: 78 daAuts
